 Dungeon Crawl Stone Soup version 0.23-a0-516-g0f8c245 (webtiles) character file.

3 tidbits the Caller (level 1, 4/13 HPs)
             Began as a Gnoll Summoner on Dec 5, 2018.
             Quit the game on level 2 of the Dungeon.
             The game lasted 00:01:51 (123 turns).

tidbits the Caller (Gnoll Summoner)                  Turns: 123, Time: 00:01:51

Health: 4/13       AC:  2    Str: 10    XL:     1   Next: 50%
Magic:  5/6        EV: 14    Int: 17    God:
Gold:   13         SH:  0    Dex: 15    Spells: 8/9 levels left

rFire    . . .     SeeInvis .   a - +0 dagger
rCold    . . .     Gourm    .   (no shield)
rNeg     . . .     Faith    .   e - +0 robe
rPois    .         Spirit   .   (no helmet)
rElec    .         Reflect  .   (no cloak)
rCorr    .         Harm     .   (no gloves)
MR       .....                  (no boots)
Stlth    +++.......             (no amulet)
HPRegen  0.04/turn              (no ring)
MPRegen  0.10/turn              (no ring)

@: no status effects
A: distributed training, fangs 1, strong nose
a: no special abilities


You were on level 2 of the Dungeon.
You were not hungry.

You visited 1 branch of the dungeon, and saw 3 of its levels.

You collected 13 gold pieces.

Inventory:

Hand Weapons
 a - a +0 dagger (weapon)
Armour
 e - a +0 robe (worn)
Scrolls
 b - a scroll of magic mapping {unknown}
 f - a scroll of immolation {unknown}
 g - a scroll of enchant weapon {unknown}
Comestibles
 c - a ration


   Skills:
 + Level 0.0 Fighting
 + Level 0.0 Short Blades
 + Level 0.0 Long Blades
 + Level 0.0 Axes
 + Level 0.0 Maces & Flails
 + Level 0.0 Polearms
 + Level 0.0 Staves
 + Level 0.0 Slings
 + Level 0.0 Bows
 + Level 0.0 Crossbows
 + Level 0.0 Throwing
 + Level 0.0 Armour
 + Level 4.4 Dodging
 + Level 4.0 Stealth
 + Level 0.0 Shields
 + Level 0.0 Unarmed Combat
 + Level 4.8 Spellcasting
 + Level 0.0 Conjurations
 + Level 0.0 Hexes
 + Level 0.0 Charms
 + Level 7.0 Summonings
 + Level 0.0 Necromancy
 + Level 0.0 Translocations
 + Level 0.0 Transmutations
 + Level 0.0 Fire Magic
 + Level 0.0 Ice Magic
 + Level 0.0 Air Magic
 + Level 0.0 Earth Magic
 + Level 0.0 Poison Magic
 + Level 0.1 Invocations
 + Level 0.0 Evocations


You had 8 spell levels left.
You knew the following spells:

 Your Spells              Type           Power        Failure   Level  Hunger
a - Summon Small Mammal   Summ           ####         1%          1    None

Your spell library contained the following spells:

 Spells                   Type           Power        Failure   Level  Hunger
 Call Imp                 Summ           ####....     1%          2    #......
 Call Canine Familiar     Summ           ####....     2%          3    ###....
 Summon Guardian Golem    Hex/Summ       ###.....     10%         3    ###....
 Summon Ice Beast         Ice/Summ       ###.....     32%         4    ####...
 Summon Lightning Spire   Summ/Air       ###.....     32%         4    ####...


Dungeon Overview and Level Annotations

Branches:
Dungeon (3/15)

Altars:

Annotations:
D:3 Natasha


Innate Abilities, Weirdness & Mutations

Your experience applies equally to all skills.
You have very sharp teeth.
Your uncanny sense of smell can sniff out nearby items.


Message History

Attack!
The goblin barely misses your quokka.
Your quokka bites the goblin.
The goblin dies!
You swap places.
You swap places.
You see here a hobgoblin corpse.
You see here 13 gold pieces.
You now have 13 gold pieces.
Found a stone staircase leading down.
Found a stone staircase leading down.
Found a ruby potion.
Unknown command.
Your quokka disappears in a puff of smoke!
Your quokka disappears in a puff of smoke!
There is a stone staircase leading down here.
You climb downwards.
Found a lumpy cyan potion.
There is a stone staircase leading up here.
Unknown command.
Unknown command.
You climb upwards.
There is a stone staircase leading down here.
Unknown command.
You see here a ruby potion.
d - a ruby potion
There is a stone staircase leading down here.
You climb downwards.
Found a dagger.
Found an escape hatch in the ceiling.
There is a stone staircase leading up here.
Unknown command.
Unknown command.
Found a stone staircase leading down.
You see here a dagger.
Unknown command.
e - a dagger Wield which item (- for none, * to show all)? (? for menu, Esc to quit)
e - a +0 dagger (weapon)
Adjust (i)tems, (s)pells, or (a)bilities?
Adjust which item? (? for menu, Esc to quit)
e - a +0 dagger (weapon)
Adjust to which letter? (? for menu, Esc to quit)
a - a +0 dagger (weapon);
e - a +0 robe (worn)
There is a stone staircase leading down here.
You climb downwards.
A giant cockroach comes into view.
Found three items.
There is a stone staircase leading up here.
Unknown command.
Casting: Summon Small Mammal (safe; 1% risk of failure)
Confirm with . or Enter, or press ? or * to list all spells.
You barely miss the giant cockroach.
The giant cockroach completely misses you.
Your quokka bites the giant cockroach but does no damage.
The giant cockroach misses you.
You closely miss the giant cockroach.
Your quokka bites the giant cockroach.
The giant cockroach barely misses you.
You closely miss the giant cockroach.
The giant cockroach is severely wounded.
Your quokka bites the giant cockroach.
The giant cockroach barely misses your quokka.
You hit the giant cockroach.
You kill the giant cockroach!
You see here a scroll labeled YRPHAB GESKI.
f - a scroll labeled YRPHAB GESKI You swap places.
Found a stone staircase leading up.
Natasha, Servant of Life and Death comes into view.
You see here a scroll labeled LUMUAM QOFIY.
g - a scroll labeled LUMUAM QOFIY
Press: ? - help, v - describe, . - travel
Here: Natasha (resting)
The floor.
Placed new exclusion.
A hobgoblin comes into view.
The hobgoblin shouts!
You hear a shout! x2
Unknown command.
An orc comes into view. It is wielding a +0 short sword.
A kobold comes into view. It is wielding a +0 dagger.
Unknown command.
An orc comes into view. It is wielding a +0 dagger.
Your quokka disappears in a puff of smoke!
The hobgoblin barely misses you.
There is a stone staircase leading up here.
The hobgoblin hits you.
You climb upwards.
An adder and a kobold come into view.
The adder completely misses you.
Found five items.
There is a stone staircase leading down here.
Okay, then.
Unknown command.
It was a potion of curing.
You feel better. The adder barely misses you. The hobgoblin closely misses you.
Casting: Summon Small Mammal (safe; 1% risk of failure)
Confirm with . or Enter, or press ? or * to list all spells.
The adder bites you. The hobgoblin closely misses you. The adder bites you.
Your bat hits the kobold but does no damage.
The adder bites you.
* * * LOW HITPOINT WARNING * * *
The hobgoblin completely misses you.
Are you sure you want to abandon this character and quit the game? (Confirm

##..).....##
#..........#
#..........#
###......!...#
.............#
%.#...b......#
#.$...KS....#
#..@g..#
####....#
###...[ ##. ∆


You could see an adder, a hobgoblin, a kobold and a friendly bat.

Vanquished Creatures
  A giant cockroach (D:3)
1 creature vanquished.

Vanquished Creatures (collateral kills)
  2 goblins (D:1)
  2 hobgoblins (D:1)
4 creatures vanquished.

Grand Total: 5 creatures vanquished

Notes
Turn   | Place    | Note
-------+----------+-------------------------------------------
     0 | D:1      | tidbits the Gnoll Summoner began the quest for the Orb.
     0 | D:1      | Reached XP level 1. HP: 13/13 MP: 6/6
   106 | D:3      | Noticed Natasha
   123 | D:2      | Quit the game

Vault maps used:
D:1:      psy_arrival_fountain
D:3:      uniq_crazy_yiuf_cottage, uniq_ijyb, uniq_natasha

Action                   || total
-------------------------++-------
Melee: Dagger            ||     4
 Cast: Summon Small Mamm ||     7
  Use: Potion            ||     1
Dodge: Dodged            ||    10

Table legend:
 A = Non-vault XP
 B = Vault XP
 C = Vault XP percentage of total XP
 D = Non-vault monster count
 E = Vault monster count
 F = Vault count percentage of total count
                 A         B        C        D         E       F
            +---------+---------+-------+---------+---------+-------
      Total |       5 |       0 |   0.0 |       5 |       0 |   0.0
            +---------+---------+-------+---------+---------+-------
        D:1 |       4 |       0 |   0.0 |       4 |       0 |   0.0
        D:3 |       1 |       0 |   0.0 |       1 |       0 |   0.0
            +---------+---------+-------+---------+---------+-------

Table legend:
 A = Turns spent in this place as a percentage of turns spent in the entire game.
 B = Non-inter-level travel turns spent in this place as a percentage of non-inter-level travel turns spent in the entire game.
 C = Inter-level travel turns spent in this place as a percentage of turns spent in this place.
 D = Turns resting spent in this place as a percentage of non-inter-level travel turns spent in this place.
 E = Turns spent auto-exploring this place as a percentage of non-inter-level travel turns spent in this place.
 F = Non-inter-level travel turns spent in this place divided by the number of levels of this place that you've seen.
                   A       B       C       D       E      F
               +-------+-------+-------+-------+-------+----------------------
         Total | 100.0 | 100.0 |   0.0 |   0.0 |   0.0 |  41.0
       Dungeon | 100.0 | 100.0 |   0.0 |   0.0 |   0.0 |  41.0
               +-------+-------+-------+-------+-------+----------------------

Table legend:
 A = Kills in this place as a percentage of kills in entire the game.
 B = Kills by you in this place as a percentage of kills by you in the entire game.
 C = Kills by friends in this place as a percentage of kills by friends in the entire game.
 D = Other kills in this place as a percentage of other kills in the entire game.
 E = Experience gained in this place as a percentage of experience gained in the entire game.
 F = Experience gained in this place divided by the number of levels of this place that you have seen.
                   A       B       C       D       E      F
               +-------+-------+-------+-------+-------+----------------------
         Total | 100.0 | 100.0 | 100.0 |   N/A | 100.0 |   1.7
       Dungeon | 100.0 | 100.0 | 100.0 |   N/A | 100.0 |   1.7
               +-------+-------+-------+-------+-------+----------------------

Vault maps used:
D:1:      psy_arrival_fountain
D:3:      uniq_crazy_yiuf_cottage, uniq_ijyb, uniq_natasha
